 Dungeon Crawl Stone Soup version 0.29-a0-1019-g84f7d21838 (webtiles) character file.

Game seed: 18339603097082785098

171 frimble the Digger (level 5, -5/35 HPs)
             Began as a Demonspawn Earth Elementalist on Aug 10, 2022.
             Slain by an iguana (6 damage)
             ... on level 4 of the Dungeon.
             The game lasted 00:04:43 (3371 turns).

frimble the Digger (Demonspawn Earth Elementalist)  Turns: 3371, Time: 00:04:43

Health: -5/35      AC: 11    Str:  9    XL:     5   Next: 26%
Magic:  16/17      EV: 12    Int: 18    God:
Gold:   198        SH:  0    Dex: 13    Spells: 5/8 levels left

rFire   . . .      SeeInvis .   m - +0 whip (freeze)
rCold   . . .      Faith    .   (no shield)
rNeg    . . .      Spirit   .   a - +0 robe
rPois   .          Reflect  .   (no helmet)
rElec   .          Harm     .   (no cloak)
rCorr   .          Rampage  .   (no gloves)
Will    .....                   (no boots)
Stlth   ++........              f - amulet of the acrobat
HPRegen 0.11/turn               l - ring of magical power
MPRegen 0.15/turn               (no ring)

@: brilliant, about to teleport, sanguine armoured, attractive
A: spiny 1, sanguine armour 2
a: no special abilities


You were on level 4 of the Dungeon.
You visited 1 branch of the dungeon, and saw 4 of its levels.

You collected 198 gold pieces.

Inventory:

Hand Weapons
 b - a +0 short sword
 m - a +0 whip of freezing (weapon)
Armour
 a - a +0 robe (worn)
Jewellery
 f - an amulet of the acrobat (around neck)
 l - a ring of magical power (left hand)
Wands
 n - a wand of paralysis (3)
Scrolls
 d - a scroll of torment
 i - a scroll of brand weapon {unknown}
 j - a scroll of noise {unknown}


   Skills:
 - Level 1.7 Dodging
 - Level 1.7 Stealth
 - Level 2.0 Spellcasting
 + Level 3.3 Transmutations
 + Level 4.3 Earth Magic


You had 5 spell levels left.
You knew the following spells:

 Your Spells              Type           Power      Damage    Failure   Level
a - Sandblast             Erth           52%        2d12      3%          1
b - Passwall              Tmut/Erth      19%        N/A       6%          2

Your spell library contained the following spells:

 Spells                   Type           Power      Damage    Failure   Level
 Stone Arrow              Conj/Erth      28%        3d8       22%         3
 Petrify                  Tmut/Erth      23%        N/A       36%         4
 Frozen Ramparts          Ice            4%         1d1       47%         3
 Ice Form                 Ice/Tmut       11%        N/A       67%         4
 Summon Ice Beast         Ice/Summ       2%         N/A       87%         4


Dungeon Overview and Level Annotations

Branches:
Dungeon (4/15)
 Temple: D:4-7

Altars:


Innate Abilities, Weirdness & Mutations

You are partially covered in sharp spines.
When seriously injured, your blood forms thick armour. (AC +9)


Message History

Your body is wracked with pain!
* * * LOW HITPOINT WARNING * * *
The iguana convulses!
The orc convulses!
The jelly convulses!
The gnoll convulses! x3
The gnoll shouts!
It was a scroll of torment.
You hear an angry hiss.
The gnoll barely misses you. The iguana barely misses you.
You feel yourself speed up. The gnoll misses you.
The iguana closely misses you.
It was a potion of cancellation.
Your magical effects are unravelling.
You feel magically purged.
You feel yourself slow down.
It was a potion of brilliance.
You feel clever all of a sudden. The iguana bites you.
* * * LOW HITPOINT WARNING * * *
The gnoll hits you from afar with a +0 spear.
* * * LOW HITPOINT WARNING * * *
It was a potion of attraction.
You feel attractive to monsters. The iguana barely misses you.
The gnoll barely misses you. The gnoll is attracted toward you. x2
Okay, then.
Unknown command.
As you read the scroll labelled RESORCHETOPT, it crumbles to dust.
It is a scroll of identify.
g - a scroll of teleportation The iguana misses you.
The gnoll is struck by your spines. The gnoll closely misses you.
As you read the scroll of teleportation, it crumbles to dust.
You feel strangely unstable. The iguana is struck by your spines.
The iguana bites you but does no damage.
The gnoll hits you but does no damage.
You aren't carrying any potions.
As you read the scroll labelled BEDAIWETHU, it crumbles to dust.
The scroll dissolves into smoke.
It was a scroll of fog.
The gnoll barely misses you. The iguana bites you.
You die...

#..........#
##........#.##
.........#..#
#........#..#
##.#.......##
# ##......#
##oJ###.# #l##
#.# #@# ## #g#
g## .g ...
###. #. ..


You could see an iguana, a jelly, 2 gnolls and an orc.

Vanquished Creatures
  A hound (D:4)
  A gnoll (D:4)
  4 adders
  2 worms (D:2)
  2 dart slugs
  3 orcs
  5 bats
  6 endoplasms
  3 giant cockroaches
  9 goblins
  8 hobgoblins
  12 jackals
  2 quokkas (D:2)
  A ball python (D:3)
  A frilled lizard (D:1)
  7 kobolds
  10 rats
77 creatures vanquished.

Vanquished Creatures (others)
  4 plants (D:1)
  3 withered plants (D:1)
7 creatures vanquished.

Grand Total: 84 creatures vanquished

Notes
Turn   | Place    | Note
-------+----------+-------------------------------------------
     0 | D:1      | frimble the Demonspawn Earth Elementalist began the quest
                  | for the Orb.
     0 | D:1      | Reached XP level 1. HP: 13/13 MP: 3/3
    55 | D:1      | Reached skill level 1 in Transmutations
   327 | D:2      | Reached skill level 3 in Earth Magic
   327 | D:2      | Gained mutation: When seriously injured, your blood forms
                  | armour. (AC +9) [demonic ancestry]
   327 | D:2      | Reached XP level 2. HP: 12/19 MP: 3/5
   715 | D:2      | Gained mutation: When seriously injured, your blood forms
                  | thick armour. (AC +9) [demonic ancestry]
   715 | D:2      | Reached XP level 3. HP: 24/24 MP: 6/6
  1014 | D:1      | Found a faded altar of an unknown god.
  1644 | D:1      | Learned a level 2 spell: Passwall
  1875 | D:2      | Gained mutation: You are partially covered in sharp spines.
                  | [demonic ancestry]
  1875 | D:2      | Reached XP level 4. HP: 22/30 MP: 5/7
  2792 | D:3      | Reached skill level 4 in Earth Magic
  3364 | D:4      | Reached XP level 5. HP: 10/35 MP: 8/8
  3367 | D:4      | HP: 1/35 [gnoll/+0 spear (4)]
  3371 | D:4      | Slain by an iguana

Illustrated notes

Levels and vault maps discovered:
D:1:      lightli_arrival_statuegarden, layout_rooms,
          shapermc_ecumenical_altar_flowoftime
D:2:      layout_basic, serial_corexii_hall, corexii_hall_statues_s,
          corexii_hall_statues_x, chequers_hall_statues_wall_a,
          corexii_hall_statues_t, chequers_hall_statues_wall_a,
          chequers_hall_statues_y
D:3:      layout_rooms, hangedman_decor_points
D:4:      layout_layer_cave, fiery_altar_vehumet, nzn_wu_jian_contemplation,
          minmay_ruptured

Skill      XL: |  1  2  3  4 |
---------------+-------------+-----
Transmutations | 1 2 3 |  3.3
Earth Magic    | 3 4 |  4.3
Dodging        | |  1.7
Stealth        | |  1.7
Spellcasting   | |  2.0

Action                   |  1- 3 |  4- 6 || total
-------------------------+-------+-------++-------
Melee: Unarmed           |     5 |       ||     5
       Short sword       |    67 |    13 ||    80
       Punch             |     1 |       ||     1
       Whip              |       |    26 ||    26
 Cast: Sandblast         |    46 |    18 ||    64
  Use: Scroll            |     2 |     4 ||     6
       Potion            |     1 |     4 ||     5
 Stab: Sleeping          |     4 |       ||     4
Armor: Robe              |    29 |    10 ||    39
Dodge: Dodged            |    75 |    49 ||   124

Table legend: (Time is in decaauts)
 A = Elapsed time spent in this place.
 B = Non-inter-level travel time spent in this place.
 C = Inter-level travel time spent in this place.
 D = Time resting spent in this place.
 E = Time spent auto-exploring this place.
 F = Levels seen in this place.
 G = Mean time per level.
                   A        B        C        D        E       F      G
               +--------+--------+--------+--------+--------+-----+--------+
         Total |   3443 |   3372 |     71 |      0 |   2811 |   4 |  860.8 |
       Dungeon |   3443 |   3372 |     71 |      0 |   2811 |   4 |  860.8 |
               +--------+--------+--------+--------+--------+-----+--------+

Top non-repeatable levels by time:
     D:2: 1536 daAuts
     D:1: 1029 daAuts
     D:3: 746 daAuts
     D:4: 130 daAuts
